 Dungeon Crawl Stone Soup version 0.17.2-1-ge4368a0 (webtiles) character file.

16458 Goblin1989 the Grappler (level 12, 0/122 (123) HPs)
             Began as a Pale Draconian Transmuter on Oct 16, 2016.
             Was the Champion of Cheibriados.
             Slain by Urug
             ... wielding a +0 war axe
              (21 damage)
             ... on level 2 of the Lair of Beasts.
             The game lasted 00:46:32 (11476 turns).

Goblin1989 the Grappler (DrTm)                     Turns: 11476, Time: 00:46:32

HP:   0/122 (123)   AC:  8    Str: 28    XL:     12   Next: 10%
MP:   17/17         EV: 24    Int: 34    God:    Cheibriados [******]
Gold: 321           SH:  0    Dex: 33    Spells: 4 memorised, 3 levels left

rFire  . . .     SeeInvis .       - Unarmed
rCold  + + +     Clarity  .     (armour unavailable)
rNeg   . . .     SustAt   .     (shield currently unavailable)
rPois  +         Gourm    .     (helmet currently unavailable)
rElec  +         Spirit   .     (cloak currently unavailable)
rCorr  .         Warding  .     (gloves currently unavailable)
rMut   +         Stasis   .     (boots currently unavailable)
MR     .....                    j - amulet of resist mutation
Stlth  +++++.....               y - +4 ring of slaying
                                d - ring "Huasus" {rElec rF+ Dex+2 Stlth+}

@: agile, lethally poisoned (0 -> -1), ice-form, very slightly contaminated,
very slow, not resistant to hostile enchantments, quite stealthy
A: (breathe steam), unfitting armour, (cold-blooded), AC +8
a: End Transformation, Bend Time, Temporal Distortion, Slouch, Step From Time,
Renounce Religion


You were on level 2 of the Lair of Beasts.
You worshipped Cheibriados.
Cheibriados was exalted by your worship.
You were not hungry.
You were a creature of crystalline ice.
You visited 3 branches of the dungeon, and saw 14 of its levels.
You also visited: Ossuary.

You collected 718 gold pieces.
You spent 397 gold pieces at shops.

Inventory:

Missiles
 a - 226 arrows
 x - 6 arrows of flame
 D - 22 arrows of frost
 F - 2 tomahawks of dispersal (quivered)
 Z - a throwing net {=f, !d}
Armour
 r - a +1 pair of boots (melded)
Jewellery
 d - the ring "Huasus" (left front paw) {rElec rF+ Dex+2 Stlth+}
   (You found it on level 8 of the Dungeon)

   [ring of stealth]

   It affects your dexterity (+2).
   It protects you from fire.
   It insulates you from electricity.
   It makes you more stealthy.
 j - an amulet of resist mutation (around neck)
 y - a +4 ring of slaying (right front paw)
Wands
 l - a wand of flame (11)
 u - a wand of teleportation (6) {!v, @v4}
Scrolls
 k - 7 scrolls of remove curse {@r2}
 o - a scroll of fear
 q - a scroll of vulnerability {!r}
 v - 2 scrolls of enchant weapon
 E - a scroll of recharging
 M - a scroll of magic mapping
 R - 3 scrolls of identify {@r1}
 T - 6 scrolls of teleportation {!r, @r4}
Potions
 e - 8 potions of curing {@q1}
 h - 2 potions of magic
 i - 2 potions of ambrosia {!q}
 m - 3 potions of heal wounds {!q, @q2}
 n - 2 potions of agility
 p - 2 potions of might
 s - 4 potions of flight
 w - 2 potions of cancellation
 A - 2 potions of brilliance
Comestibles
 b - 3 chunks of flesh {@w0}
 c - 4 bread rations {@e1}
 f - 9 meat rations {@e2}
 g - 4 beef jerkies
 t - 2 slices of pizza
 z - 9 royal jellies


   Skills:
 + Level 8.4 Fighting
 + Level 7.6 Dodging
 - Level 12.4 Unarmed Combat
 - Level 2.0 Spellcasting
 + Level 7.5 Transmutations
 - Level 5.9 Ice Magic
 * Level 6.7 Invocations


You had 3 spell levels left.
You knew the following spells:

 Your Spells              Type           Power        Failure   Level  Hunger
a - Beastly Appendage     Trmt           ######       1%          1    None
b - Sticks to Snakes      Trmt           ######....   1%          2    ##.....
c - Ice Form              Ice/Trmt       #####...     4%          4    ####...
d - Blade Hands           Trmt           ######....   10%         5    ######.


Dungeon Overview and Level Annotations

Branches:
Dungeon (11/15)            Temple (1/1) D:6            Lair (2/8) D:11
    Orc (0/4) D:10

Altars:
Ashenzari
Cheibriados
Dithmenos
Elyvilon
Fedhas
Gozag
Kikubaaqudgha
Nemelex Xobeh
Okawaru
Ru
Sif Muna
Trog
Vehumet
Xom
Yredelemnul
Zin
The Shining One

Shops:
D:6 !   D:9 *

Annotations:
D:5 exclusion: Eustachio, Eustachio
D:10 Sonja
Lair:2 Urug


Innate Abilities, Weirdness & Mutations

((You can breathe blasts of scalding, opaque steam.))
((Your pale cyan-grey scales are hard (AC +8).))
Your body does not fit into most forms of armour.
((You are cold-blooded and may be slowed by cold attacks.))


Message History

You hit the basilisk. You freeze the basilisk.
The basilisk seems to slow down.
The basilisk is moderately wounded.
The basilisk misses you.
You pummel the basilisk!! You freeze the basilisk!
You kill the basilisk!
Cheibriados appreciates the change of pace.
You feel sick.
You take 1 damage, and have 24/122 hp.
You hit Urug but do no damage. Urug closely misses you.
You pummel Urug!! You freeze Urug!
Urug is severely wounded.
You pummel Urug!! You freeze Urug.
Urug is almost dead.
You feel sick. Urug hits you with a war axe.
* * * LOW HITPOINT WARNING * * *
You take 4 damage, and have 21/122 hp.
You barely miss Urug.
Urug is almost dead.
Urug hits you with a war axe!!
You die... ਜਜ ਜਜ.ਜ ਜਜ ...ਜ P . ਜPਜ

ਜ$..ਜ..
..ਜਜ.Pਜਜ......ਜ
.......(.......
..>..P..P.....ਜ
.......Y..ਜ
....ਜ..o....ਜ .
ਜ........ਜ
...ਜਜ...ਜਜਜ
..ਜਜ


ਜਜਜਜ .... ..P .. You could see Urug.

Vanquished Creatures
  Fannar (Lair:2)
  The ghost of Tobisume the Carver, a novice DsFi of Qazlal (D:8)
  A hill giant (D:11)
  A manticore (D:11)
  A centaur zombie (D:11)
  5 spiny frogs
  2 komodo dragons (Lair:1)
  A kobold demonologist (D:11)
  2 blink frogs (Lair:1)
  A wyvern (D:11)
  7 yaks
  2 deep elf magi
  3 basilisks
  6 hippogriffs
  A deep elf fighter (D:11)
  A warg (D:10)
  10 wolves
  3 orc warriors
  4 water moccasins (Lair:1)
  2 necrophages
  A spider (D:8)
  A black bear (Lair:1)
  2 sky beasts
  A phantom (D:5)
  4 porcupines (Lair:1)
  2 wasps (D:8)
  2 centaurs (D:9)
  4 ice beasts
  5 ogres
  6 giant frogs
  An elf zombie (Ossuary)
  5 big kobolds
  3 crocodiles
  2 scorpions
  16 killer bees
  4 wights (D:11)
  A giant frog zombie (D:5)
  The ghost of Goblin1989 the Sneak, a weakling KoEE of Ashenzari (Ossuary)
  2 electric eels (D:11)
  4 crimson imps
  4 jellies
  2 human zombies (Ossuary)
  9 hounds
  7 orc priests
  2 giant frog skeletons
  5 iguanas
  7 orc wizards
  A quasit (D:9)
  6 sheep
  8 worker ants
  2 big kobold zombies (Ossuary)
  A hound zombie (Ossuary)
  4 mummies
  A hound skeleton (D:4)
  2 worker ant zombies
  9 adders
  21 river rats
  3 shadow imps
  2 adder skeletons (D:6)
  3 worms
  3 adder zombies (Ossuary)
  8 giant geckos
  50 orcs
  5 bats
  3 giant cockroaches
  4 goblins
  5 hobgoblins
  11 jackals
  36 kobolds
  2 ball pythons (D:1)
  A ball python skeleton (D:5)
  A giant gecko zombie (D:6)
  4 giant newts
  A gnoll zombie (Ossuary)
  7 goblin zombies (Ossuary)
  6 hobgoblin zombies
  A jackal skeleton (D:5)
  3 jackal zombies (Ossuary)
  3 kobold zombies
  2 orc zombies (Ossuary)
  5 quokkas
  3 quokka zombies (Ossuary)
  8 rats
  5 rat zombies (Ossuary)
398 creatures vanquished.

Vanquished Creatures (collateral kills)
  A wraith (D:10)
  An electric eel (D:11)
2 creatures vanquished.

Grand Total: 400 creatures vanquished

Notes
Turn   | Place    | Note
--------------------------------------------------------------
     0 | D:1      | Goblin1989 the Draconian Transmuter began the quest for the Orb.
     0 | D:1      | Reached XP level 1. HP: 16/16 MP: 3/3
   435 | D:1      | Reached XP level 2. HP: 21/23 MP: 3/5
   910 | D:2      | Reached skill level 4 in Unarmed Combat
  1076 | D:2      | Reached XP level 3. HP: 14/28 MP: 6/6
  1409 | D:2      | Found a blossoming altar of Fedhas.
  2064 | D:3      | Reached XP level 4. HP: 21/35 MP: 3/7
  2084 | D:3      | Reached skill level 5 in Unarmed Combat
  2625 | D:3      | Reached XP level 5. HP: 29/40 MP: 5/8
  2730 | D:3      | Reached skill level 6 in Unarmed Combat
  2737 | D:3      | Found a faded altar to an unknown god.
  3205 | D:4      | Learned a level 2 spell: Sticks to Snakes
  3223 | D:4      | Noticed an ogre
  3231 | D:4      | Killed an ogre
  3231 | D:4      | Reached XP level 6. HP: 47/47 MP: 3/9
  3267 | D:4      | Reached skill level 7 in Unarmed Combat
  3384 | D:4      | Found a bloodstained altar of Trog.
  3831 | D:5      | Entered Level 5 of the Dungeon
  3946 | D:5      | Reached skill level 8 in Unarmed Combat
  3953 | D:5      | Your scales start taking on a pale cyan-grey colour.
  3953 | D:5      | Reached XP level 7. HP: 44/52 MP: 6/10
  3959 | D:5      | Learned a level 4 spell: Ice Form
  3996 | D:5      | Reached skill level 1 in Ice Magic
  4272 | D:5      | Noticed Eustachio
  4337 | D:6      | Found a staircase to the Ecumenical Temple.
  4343 | Temple   | Entered the Ecumenical Temple
  4400 | Temple   | Became a worshipper of Cheibriados the Contemplative
  4472 | D:6      | Found a sand-covered staircase.
  4483 | Ossuary  | Entered an ossuary
  4483 | Ossuary  | Noticed Goblin1989's ghost (weakling KoEE)
  4495 | Ossuary  | Killed Goblin1989's ghost
  4694 | Ossuary  | Reached XP level 8. HP: 53/59 MP: 11/11
  4710 | Ossuary  | Reached * piety under Cheibriados
  4876 | Ossuary  | Reached ** piety under Cheibriados
  4951 | D:6      | Identified a +0 rod of clouds (13/13) (You found it on level 6 of the Dungeon)
  4982 | D:6      | Found an iron altar of Okawaru.
  5275 | D:6      | Reached skill level 9 in Unarmed Combat
  5672 | D:6      | Found Milec's Distillery.
  5677 | D:6      | Bought a potion of magic for 96 gold pieces
  5677 | D:6      | Bought a potion of ambrosia for 96 gold pieces
  5677 | D:6      | Bought a potion of heal wounds for 60 gold pieces
  5677 | D:6      | Bought a potion of brilliance for 48 gold pieces
  5717 | D:7      | Found a shadowy altar of Dithmenos.
  6022 | D:7      | Reached *** piety under Cheibriados
  6577 | D:8      | Reached XP level 9. HP: 61/70 MP: 12/12
  6612 | D:8      | Noticed Tobisume's ghost (novice DsFi)
  6630 | D:8      | Killed Tobisume's ghost
  6630 | D:8      | Reached skill level 10 in Unarmed Combat
  6630 | D:8      | Reached skill level 5 in Transmutations
  6630 | D:8      | Reached skill level 5 in Ice Magic
  6820 | D:8      | Reached **** piety under Cheibriados
  6848 | D:8      | Got a fine pewter ring
  6849 | D:8      | Identified the ring "Huasus" {rElec rF+ Dex+2 Stlth+} (You found it on level 8 of the Dungeon)
  7091 | D:9      | Found Ganwontoesm's General Store.
  7101 | D:9      | Bought a scroll of vulnerability for 97 gold pieces
  7269 | D:9      | Reached XP level 10. HP: 80/80 MP: 13/13
  7379 | D:9      | Found a shattered altar of Ashenzari.
  7407 | D:9      | Got a transparent quarterstaff
  7462 | D:9      | Reached ***** piety under Cheibriados
  7467 | D:9      | Reached skill level 11 in Unarmed Combat
  7707 | D:9      | Reached skill level 5 in Fighting
  7928 | D:10     | Entered Level 10 of the Dungeon
  7928 | D:10     | Noticed Sonja
  8546 | D:10     | Found a staircase to the Orcish Mines.
  8583 | D:10     | Reached skill level 5 in Dodging
  9013 | D:11     | Noticed a hill giant
  9022 | D:11     | Killed a hill giant
  9022 | D:11     | Reached skill level 12 in Unarmed Combat
  9061 | D:11     | Noticed a rust devil
  9469 | D:11     | Noticed a manticore
  9479 | D:11     | Killed a manticore
  9479 | D:11     | Reached XP level 11. HP: 70/90 MP: 10/14
  9530 | D:11     | Learned a level 5 spell: Blade Hands
  9599 | D:11     | Found a staircase to the Lair.
  9878 | D:11     | Reached skill level 1 in Invocations
 10175 | D:11     | Reached ****** piety under Cheibriados
 10182 | Lair:1   | Entered Level 1 of the Lair of Beasts
 10812 | Lair:1   | Identified the cursed +0 quarterstaff of Peace {freeze, Str+3} (You found it on level 9 of the Dungeon)
 10815 | Lair:1   | Reached skill level 5 in Invocations
 10827 | Lair:1   | Identified the Disquisition on Glamour
 11396 | Lair:2   | Reached XP level 12. HP: 101/101 MP: 16/16
 11439 | Lair:2   | Noticed Fannar
 11458 | Lair:2   | Killed Fannar
 11462 | Lair:2   | Noticed Urug
 11476 | Lair:2   | Slain by Urug

Action                   |  1- 3 |  4- 6 |  7- 9 | 10-12 || total
-------------------------+-------+-------+-------+-------++-------
Melee: Unarmed           |   116 |   158 |   395 |   370 ||  1039
 Cast: Beastly Appendage |     2 |     2 |     3 |     1 ||     8
       Sticks to Snakes  |       |     2 |     1 |     8 ||    11
       Ice Form          |       |       |     2 |    29 ||    31
 Abil: Breathe Steam     |       |       |       |     1 ||     1
  Use: Scroll            |     1 |     1 |    20 |     5 ||    27
       Potion            |       |     1 |     3 |     4 ||     8
 Stab: Sleeping          |     1 |       |     3 |    17 ||    21
       Distracted        |       |       |     1 |     2 ||     3
  Eat: Chunk             |     4 |     6 |     5 |     9 ||    24
       Fruit             |       |       |     4 |     5 ||     9

Vault maps used:
D:1:      sevenhm_arrival_forest_fort_large_4
D:2:      first_bread, fedhas_altar_3
D:3:      ecumenical_altar_1, kennysheep_cross_bottleneck,
          grunt_decor_mini_mirrors, kennysheep_generic_room_10
D:4:      trog_butcher_becter
D:5:      serial_shops, shop_statue, minivault_24, serial_bayou_pond_a,
          yredelemnul_altar_generic, uniq_eustachio
D:6:      temple_green, serial_shops, kennysheep_little_box,
          nicolae_ossuary_entry_giza, okawaru_gym_becter
D:7:      lemuel_crystal_altar
D:8:      hangedman_pestilent_swarm
D:9:      serial_shops, shop, ashenzari_altar_1
D:10:     erik_orc_3, uniq_sonja
D:11:     evilmike_iron_armoury, erik_lair_island
Temple:   kilobyte_greek_temple_18
Lair:1:   forest_paths
Lair:2:   grunt_forest_stairs_basic, uniq_fannar, uniq_urug
Ossuary:  minmay_ossuary_two_tombs
